| TOP OF THE 1ST |
|
Pawtucket Red Sox batting - Pitching for Salt Lake Bees : RHP Jared Pollard
|
|
Pitching: RHP Jared Pollard
|
|
|
Batting: RHB Andy Garvin
|
0-0: Ball 1-0: Called Strike 1-1: Ball 2-1: Ground out 4-3 (Groundball, 4S, EV 87.5 MPH)
|
|
Batting: RHB Rodolfo Contreras
|
0-0: Foul Ball, location: 2F 0-1: Ball 1-1: Ball 2-1: SOLO HOME RUN (Line Drive, 78XD, EV 99.4 MPH), Distance : 419 ft
|
|
Batting: SHB Ben Ervin
|
0-0: Called Strike 0-1: Called Strike 0-2: Ball 1-2: Foul Ball, location: 2F 1-2: Fly out, F8 (Line Drive, 8LM, EV 88.1 MPH)
|
|
Batting: LHB Frank Olivo
|
0-0: Ball 1-0: Ground out U3 (Groundball, 13, EV 84.4 MPH)
|
| Top of the 1st over - 1 run, 1 hit, 0 errors, 0 left on base; Pawtucket 1 - Salt Lake 0 |
| BOTTOM OF THE 1ST |
|
Salt Lake Bees batting - Pitching for Pawtucket Red Sox : RHP Frank Picaso
|
|
Pitching: RHP Frank Picaso
|
|
|
Batting: LHB Justin Alexander
|
0-0: Called Strike 0-1: Called Strike 0-2: Ball 1-2: Ball 2-2: DOUBLE (Line Drive, 8RXD, EV 108.8 MPH)
|
|
Batting: SHB Butch Brown
|
0-0: Swinging Strike 0-1: Ball 1-1: Called Strike 1-2: Ball 2-2: Ball 3-2: Foul Ball, location: 2F 3-2: Strikes out swinging
|
|
Batting: RHB Ryan Munro
|
0-0: Ball 1-0: Called Strike 1-1: Ground out 4-3 (Groundball, 4, EV 100.0 MPH) Justin Alexander to third
|
|
Batting: LHB Jonathon Walton
|
0-0: Swinging Strike Passed Ball! Justin Alexander scores 0-1: Called Strike 0-2: Strikes out swinging
|
| Bottom of the 1st over - 1 run, 1 hit, 0 errors, 0 left on base; Pawtucket 1 - Salt Lake 1 |
| TOP OF THE 2ND |
|
Pawtucket Red Sox batting - Pitching for Salt Lake Bees : RHP Jared Pollard
|
|
Batting: RHB Carlos Nolasco
|
0-0: Ball 1-0: Called Strike 1-1: Ball 2-1: Swinging Strike 2-2: Foul Ball, location: 2F 2-2: Strikes out swinging
|
|
Batting: RHB Joe Sandoval
|
0-0: Swinging Strike 0-1: Foul Ball, location: 2F 0-2: Ball 1-2: Ball 2-2: Strikes out swinging
|
|
Batting: RHB Sal Rivera
|
0-0: Called Strike 0-1: Foul Ball, location: 2F 0-2: Ball 1-2: Ball 2-2: Foul Ball, location: 2F 2-2: Foul Ball, location: 2F 2-2: Strikes out swinging
|
| Top of the 2nd over - 0 runs, 0 hits, 0 errors, 0 left on base; Pawtucket 1 - Salt Lake 1 |
| BOTTOM OF THE 2ND |
|
Salt Lake Bees batting - Pitching for Pawtucket Red Sox : RHP Frank Picaso
|
|
Batting: LHB Brett Bugge
|
0-0: Called Strike 0-1: Called Strike 0-2: Ball 1-2: SOLO HOME RUN (Flyball, 9D, EV 98.1 MPH), Distance : 373 ft
|
|
Batting: RHB Jeff Long
|
0-0: Swinging Strike 0-1: Foul Ball, location: 2F 0-2: Strikes out swinging
|
|
Batting: RHB Kian-tat Chen
|
0-0: Called Strike 0-1: Ball 1-1: Ball 2-1: Foul Ball, location: 2F 2-2: Fly out, F8 (Flyball, 78M, EV 85.6 MPH)
|
|
Batting: RHB Josh Faulconer
|
0-0: Called Strike 0-1: Fly out, F9 (Line Drive, 9S, EV 92.5 MPH)
|
| Bottom of the 2nd over - 1 run, 1 hit, 0 errors, 0 left on base; Pawtucket 1 - Salt Lake 2 |
| TOP OF THE 3RD |
|
Pawtucket Red Sox batting - Pitching for Salt Lake Bees : RHP Jared Pollard
|
|
Batting: RHB Neil Mautone
|
0-0: Swinging Strike 0-1: Swinging Strike 0-2: Foul Ball, location: 2F 0-2: Ball 1-2: Strikes out swinging
|
|
Batting: RHB Joe Evrard
|
0-0: Called Strike 0-1: Ball 1-1: Swinging Strike 1-2: Fly out, F9 (Flyball, 89XD, EV 77.5 MPH)
|
|
Batting: RHB Andy Garvin
|
0-0: Called Strike 0-1: Ground out 4-3 (Groundball, 4M, EV 105.0 MPH)
|
| Top of the 3rd over - 0 runs, 0 hits, 0 errors, 0 left on base; Pawtucket 1 - Salt Lake 2 |
| BOTTOM OF THE 3RD |
|
Salt Lake Bees batting - Pitching for Pawtucket Red Sox : RHP Frank Picaso
|
|
Batting: RHB Brandon Davis
|
0-0: SINGLE (Line Drive, 8LS, EV 90.0 MPH)
|
|
Batting: LHB Justin Alexander
|
0-0: Ball 1-0: Ground out 5-3 (Groundball, 6, EV 88.8 MPH) Brandon Davis to second
|
|
Batting: SHB Butch Brown
|
0-0: Called Strike 0-1: Ball 1-1: Ball 2-1: Ball 3-1: Base on Balls
|
|
Batting: RHB Ryan Munro
|
0-0: Fielders Choice at 2nd, 3-6 (Groundball, 3, EV 105.0 MPH) Brandon Davis to third
|
|
Batting: LHB Jonathon Walton
|
0-0: SINGLE (Line Drive, 4D, EV 96.9 MPH) Brandon Davis scores Ryan Munro to second Runner from 2nd tries for 3rd, SAFE, throw by CF made to third
|
|
Batting: LHB Brett Bugge
|
0-0: Swinging Strike 0-1: Swinging Strike 0-2: Ball 1-2: Strikes out swinging
|
| Bottom of the 3rd over - 1 run, 2 hits, 0 errors, 2 left on base; Pawtucket 1 - Salt Lake 3 |
| TOP OF THE 4TH |
|
Pawtucket Red Sox batting - Pitching for Salt Lake Bees : RHP Jared Pollard
|
|
Batting: RHB Rodolfo Contreras
|
0-0: Ball 1-0: Foul Ball, location: 2F 1-1: Ball 2-1: Foul Ball, location: 2F 2-2: SINGLE (Line Drive, 4MD, EV 95.0 MPH)
|
|
Batting: SHB Ben Ervin
|
0-0: Called Strike 0-1: Ball 1-1: SINGLE (Groundball, 4D, EV 95.0 MPH) Rodolfo Contreras to second Runner from 2nd tries for 3rd, SAFE, throw by RF made to third
|
|
Batting: LHB Frank Olivo
|
0-0: Ball 1-0: Ball 2-0: Called Strike 2-1: Ball 3-1: Base on Balls Ben Ervin to second
|
|
Batting: RHB Carlos Nolasco
|
0-0: Called Strike 0-1: Foul Ball, location: 2F 0-2: Strikes out looking
|
|
Batting: RHB Joe Sandoval
|
0-0: Called Strike 0-1: Swinging Strike 0-2: Foul Ball, location: 2F 0-2: Strikes out swinging
|
|
Batting: RHB Sal Rivera
|
0-0: Called Strike 0-1: Swinging Strike 0-2: Foul Ball, location: 2F 0-2: Ball 1-2: Ball 2-2: SINGLE (Groundball, 34D, EV 108.1 MPH) Rodolfo Contreras scores Ben Ervin to third Frank Olivo to second Runner from 3rd tries for Home, SAFE, throw by RF to home
|
|
Batting: RHB Neil Mautone
|
0-0: Foul Ball, location: 2F 0-1: Fly out, F7 (Flyball, 7, EV 83.8 MPH)
|
| Top of the 4th over - 2 runs, 3 hits, 0 errors, 2 left on base; Pawtucket 3 - Salt Lake 3 |
| BOTTOM OF THE 4TH |
|
Salt Lake Bees batting - Pitching for Pawtucket Red Sox : RHP Frank Picaso
|
|
Batting: RHB Jeff Long
|
0-0: Ball 1-0: Swinging Strike 1-1: Ball 2-1: Ball 3-1: Foul Ball, location: 2F 3-2: Foul Ball, location: 2F 3-2: Base on Balls
|
|
Batting: RHB Kian-tat Chen
|
0-0: Ball 1-0: Ball 2-0: Swinging Strike 2-1: Foul Ball, location: 2F 2-2: Strikes out swinging
|
|
Batting: RHB Josh Faulconer
|
0-0: Called Strike Jeff Long steals 2nd base 0-1: SINGLE (Line Drive, 6D, EV 103.1 MPH) Jeff Long to third
|
|
Batting: RHB Brandon Davis
|
0-0: Ball 1-0: SINGLE (Line Drive, 8RS, EV 95.0 MPH) Jeff Long scores Josh Faulconer to second
|
|
Batting: LHB Justin Alexander
|
0-0: Ball 1-0: Called Strike 1-1: Swinging Strike 1-2: Ball 2-2: Foul Ball, location: 2F 2-2: Ball 3-2: SINGLE (Groundball, 13S, EV 70.6 MPH) (infield hit) Josh Faulconer to third Brandon Davis to second
|
|
Batting: SHB Butch Brown
|
0-0: SINGLE (Groundball, 34D, EV 83.8 MPH) (infield hit) Josh Faulconer scores Brandon Davis to third Justin Alexander to second
|
|
Pitching: RHP Steve Capizzi
|
|
|
Batting: RHB Ryan Munro
|
0-0: Called Strike 0-1: Ball 1-1: SINGLE (Line Drive, 34D, EV 96.9 MPH) Brandon Davis scores Justin Alexander to third Butch Brown to second
|
|
Batting: LHB Jonathon Walton
|
0-0: Ball 1-0: Ball 2-0: Ball 3-0: Fly out, F8 (Flyball, 8LS, EV 79.4 MPH)
|
|
Batting: LHB Brett Bugge
|
0-0: Ball 1-0: Called Strike 1-1: Called Strike 1-2: Foul Ball, location: 2F 1-2: Fly out, F7 (Flyball, 78M, EV 78.1 MPH)
|
| Bottom of the 4th over - 3 runs, 5 hits, 0 errors, 3 left on base; Pawtucket 3 - Salt Lake 6 |
| TOP OF THE 5TH |
|
Pawtucket Red Sox batting - Pitching for Salt Lake Bees : RHP Jared Pollard
|
|
Batting: RHB Joe Evrard
|
0-0: Ball 1-0: Ball 2-0: Foul Ball, location: 2F 2-1: Foul Ball, location: 2F 2-2: Ball 3-2: Base on Balls
|
|
Batting: RHB Andy Garvin
|
0-0: Fielders Choice at 2nd, 1-6 (Groundball, 34S, EV 70.0 MPH)
|
|
Batting: RHB Rodolfo Contreras
|
0-0: Foul Ball, location: 2F 0-1: Ball 1-1: Swinging Strike 1-2: Grounds into double play, 5-4-3 (Groundball, 56S, EV 90.6 MPH)
|
| Top of the 5th over - 0 runs, 0 hits, 0 errors, 0 left on base; Pawtucket 3 - Salt Lake 6 |
| BOTTOM OF THE 5TH |
|
Salt Lake Bees batting - Pitching for Pawtucket Red Sox : RHP Steve Capizzi
|
|
Batting: RHB Jeff Long
|
0-0: Ball 1-0: Ball 2-0: Ball 3-0: Called Strike 3-1: Ground out U3 (Groundball, 34S, EV 75.0 MPH)
|
|
Batting: RHB Kian-tat Chen
|
0-0: Called Strike 0-1: Fly out, F8 (Flyball, 8LM, EV 87.5 MPH)
|
|
Batting: RHB Josh Faulconer
|
0-0: Called Strike 0-1: Foul Ball, location: 2F 0-2: Ball 1-2: Ball 2-2: Strikes out swinging
|
| Bottom of the 5th over - 0 runs, 0 hits, 0 errors, 0 left on base; Pawtucket 3 - Salt Lake 6 |
| TOP OF THE 6TH |
|
Pawtucket Red Sox batting - Pitching for Salt Lake Bees : RHP Jared Pollard
|
|
Batting: SHB Ben Ervin
|
0-0: Foul Ball, location: 2F 0-1: Ball 1-1: Ball 2-1: Ball 3-1: Base on Balls
|
|
Batting: LHB Frank Olivo
|
0-0: Foul Ball, location: 2F 0-1: Fly out, F6 (Popup, 6M, EV 61.9 MPH)
|
|
Batting: RHB Carlos Nolasco
|
0-0: Called Strike Ben Ervin steals 2nd, throwing error, E2 Ben Ervin to third 0-1: Ball 1-1: Called Strike 1-2: Ball 2-2: Foul Ball, location: 2F 2-2: Ground out 5-3 (Groundball, 5, EV 100.0 MPH)
|
|
Pitching: RHP Eric Cunningham
|
|
|
Batting: RHB Joe Sandoval
|
0-0: Ball 1-0: Swinging Strike 1-1: Ball 2-1: Called Strike 2-2: Strikes out swinging
|
| Top of the 6th over - 0 runs, 0 hits, 1 error, 1 left on base; Pawtucket 3 - Salt Lake 6 |
| BOTTOM OF THE 6TH |
|
Salt Lake Bees batting - Pitching for Pawtucket Red Sox : RHP Steve Capizzi
|
|
Batting: RHB Brandon Davis
|
0-0: Called Strike 0-1: Foul Ball, location: 2F 0-2: Ball 1-2: Ball 2-2: Ground out 6-3 (Groundball, 6, EV 99.4 MPH)
|
|
Batting: LHB Justin Alexander
|
0-0: Foul Ball, location: 2F 0-1: Ball 1-1: Ball 2-1: Ground out 4-3 (Groundball, 4, EV 103.8 MPH)
|
|
Batting: SHB Butch Brown
|
0-0: Ball 1-0: Ball 2-0: Called Strike 2-1: Ball 3-1: Foul Ball, location: 2F 3-2: Strikes out swinging
|
| Bottom of the 6th over - 0 runs, 0 hits, 0 errors, 0 left on base; Pawtucket 3 - Salt Lake 6 |
| TOP OF THE 7TH |
|
Pawtucket Red Sox batting - Pitching for Salt Lake Bees : RHP Eric Cunningham
|
|
Batting: RHB Sal Rivera
|
0-0: Ground out 2-3 (Groundball, 2R, EV 75.6 MPH)
|
|
Batting: RHB Neil Mautone
|
0-0: Called Strike 0-1: Ball 1-1: Foul Ball, location: 2F 1-2: SINGLE (Groundball, 34D, EV 99.4 MPH)
|
|
Batting: RHB Joe Evrard
|
0-0: Ball 1-0: Fly out, F7 (Flyball, 78D, EV 103.1 MPH)
|
|
Batting: RHB Andy Garvin
|
0-0: Swinging Strike 0-1: Foul Ball, location: 2F 0-2: Foul Ball, location: 2F 0-2: Ball 1-2: Ball 2-2: Ball 3-2: Fly out, F6 (Popup, 4M, EV 65.6 MPH)
|
| Top of the 7th over - 0 runs, 1 hit, 0 errors, 1 left on base; Pawtucket 3 - Salt Lake 6 |
| BOTTOM OF THE 7TH |
|
Salt Lake Bees batting - Pitching for Pawtucket Red Sox : RHP Steve Capizzi
|
|
Pitching: LHP Eric Del Sordo
|
|
|
Batting: RHB Ryan Munro
|
0-0: Ball 1-0: Ball 2-0: Ball 3-0: Base on Balls
|
|
Batting: LHB Jonathon Walton
|
0-0: Ball 1-0: Grounds into double play, U6-3 (Groundball, 4M, EV 102.5 MPH)
|
|
Batting: LHB Brett Bugge
|
0-0: Ball 1-0: Foul Ball, location: 2F 1-1: Swinging Strike 1-2: Ball 2-2: Strikes out swinging
|
| Bottom of the 7th over - 0 runs, 0 hits, 0 errors, 0 left on base; Pawtucket 3 - Salt Lake 6 |
| TOP OF THE 8TH |
|
Pawtucket Red Sox batting - Pitching for Salt Lake Bees : RHP Eric Cunningham
|
|
Pitching: RHP Harry Christopher
|
|
|
Batting: RHB Rodolfo Contreras
|
0-0: Ball 1-0: SINGLE (Groundball, 56, EV 98.8 MPH)
|
|
Batting: SHB Ben Ervin
|
0-0: Swinging Strike 0-1: Ball 1-1: Swinging Strike 1-2: Strikes out swinging
|
|
Batting: LHB Frank Olivo
|
0-0: Called Strike 0-1: Swinging Strike 0-2: Ball 1-2: Ball 2-2: Strikes out swinging
|
|
Batting: RHB Carlos Nolasco
|
0-0: Called Strike 0-1: Called Strike 0-2: Ball 1-2: Strikes out swinging, 2-3 out at first.
|
| Top of the 8th over - 0 runs, 1 hit, 0 errors, 1 left on base; Pawtucket 3 - Salt Lake 6 |
| BOTTOM OF THE 8TH |
|
Salt Lake Bees batting - Pitching for Pawtucket Red Sox : LHP Eric Del Sordo
|
|
Batting: RHB Jeff Long
|
0-0: Ground out 4-3 (Groundball, 4M, EV 86.9 MPH)
|
|
Batting: RHB Kian-tat Chen
|
0-0: Called Strike 0-1: Foul Ball, location: 2F 0-2: Strikes out swinging
|
|
Batting: RHB Josh Faulconer
|
0-0: Ball 1-0: Ball 2-0: Ground out 5-3 (Groundball, 56S, EV 90.0 MPH)
|
| Bottom of the 8th over - 0 runs, 0 hits, 0 errors, 0 left on base; Pawtucket 3 - Salt Lake 6 |
| TOP OF THE 9TH |
|
Pawtucket Red Sox batting - Pitching for Salt Lake Bees : RHP Harry Christopher
|
|
Pitching: RHP Danny Nava
|
|
|
Batting: RHB Joe Sandoval
|
0-0: Called Strike 0-1: Swinging Strike 0-2: Ball 1-2: Ball 2-2: Ball 3-2: Base on Balls
|
|
Batting: RHB Sal Rivera
|
0-0: Ball 1-0: Called Strike 1-1: Swinging Strike 1-2: Ball 2-2: Ball 3-2: Strikes out swinging
|
|
Batting: RHB Neil Mautone
|
0-0: Ball 1-0: Ball 2-0: Called Strike 2-1: Ball 3-1: Called Strike 3-2: Foul Ball, location: 2F 3-2: Foul Ball, location: 2F 3-2: Foul Ball, location: 2F 3-2: Foul Ball, location: 2F 3-2: Strikes out looking Joe Sandoval steals 2nd base Batter strikes out.
|
|
Pinch Hitting: SHB Willie Koviak
|
0-0: Ball 1-0: Swinging Strike 1-1: Ground out U3 (Groundball, 34, EV 91.2 MPH)
|
| Top of the 9th over - 0 runs, 0 hits, 0 errors, 1 left on base; Pawtucket 3 - Salt Lake 6 |
|